 Dungeon Crawl Stone Soup version 0.25-a0-108-gda8bd6cf83 (webtiles) character file.

Game seed: 12865620342427810387, levelgen mode: deterministic

289699 Ijustatesigmund the Impaler (level 20, -1/160 HPs)
             Began as a Gnoll Fighter on Nov 16, 2019.
             Was a High Priest of Cheibriados.
             Killed from afar by an ice dragon (26 damage)
             ... with a blast of cold
             ... on level 2 of the Depths on Nov 18, 2019.
             The game lasted 02:34:20 (46031 turns).

Ijustatesigmund the Impaler (Gnoll Fighter)        Turns: 46031, Time: 02:34:21

Health: -1/160     AC: 24    Str: 34    XL:     20   Next: 72%
Magic:  9/37       EV: 25    Int: 27    God:    Cheibriados [*****.]
Gold:   1377       SH: 20    Dex: 31    Spells: 21/45 levels left

rFire    + + +     SeeInvis +   M - +9 Maxwell's thermic engine {flame, freeze}
rCold    . . .     Gourm    .   c - +3 shield {reflect}
rNeg     . . .     Faith    .   y - +1 fire dragon scales
rPois    .         Spirit   .   J - +2 helmet "Koarai" {Int-3 SInv Stlth+}
rElec    .         Reflect  +   P - scarf {rC+ rF+}
rCorr    +         Harm     .   o - +1 pair of gloves
MR       +....                  A - +0 pair of boots
Stlth    +++++++...             (no amulet)
HPRegen  1.36/turn              S - ring of resist corrosion
MPRegen  0.25/turn              V - ring of wizardry

@: singing, regenerating, studying Polearms, very slow
A: distributed training, fangs 1, iridescent scales 1, camouflage 1, blink,
strong nose
}: 2/15 runes: decaying, serpentine
a: Blink, Bend Time, Temporal Distortion, Slouch, Step From Time, Renounce
Religion


You were on level 2 of the Depths.
You worshipped Cheibriados.
Cheibriados was extremely pleased with you.
You were hungry.

You visited 7 branches of the dungeon, and saw 34 of its levels.
You also visited: Gauntlet and Ice Cave.

You collected 3365 gold pieces.
You spent 1988 gold pieces at shops.

Inventory:

Hand Weapons
 a - the cursed +14 obsidian axe {chop, +Fly SInv *Curse}
   (You found it on level 5 of the Lair of Beasts)

   It inflicts extra damage upon your enemies.
   It lets you see invisible.
   It lets you fly.
   It curses itself when equipped.
   It has a curse placed upon it.
 g - a +8 flail of protection
 i - the +9 long sword of Untetteg {freeze, rPois Dex+6 Stlth-}
   (You took it off a minotaur in a Gauntlet)

   It has been specially enchanted to freeze those struck by it, causing extra
   injury to most foes and up to half again as much damage against particularly
   susceptible opponents.
   It can also slow down cold-blooded creatures.
   It affects your dexterity (+6).
   It protects you from poison.
   It makes you less stealthy.
 v - the +6 flail of Midsummer {antimagic, Dex+2}
   (You found it on level 9 of the Dungeon)

   It reduces the magical energy of the wielder, and disrupts the spells and
   magical abilities of those hit.
   Natural abilities and divine invocations are not affected.
   It affects your dexterity (+2).
 M - the +9 Maxwell's thermic engine (weapon) {flame, freeze}
   (You found it in a Gauntlet)

   It has been specially enchanted to burn those struck by it, causing extra
   injury to most foes and up to half again as much damage against particularly
   susceptible opponents.
   Big, fiery blades are also staple armaments of hydra-hunters.
   It has been specially enchanted to freeze those struck by it, causing extra
   injury to most foes and up to half again as much damage against particularly
   susceptible opponents.
Armour
 c - a +3 shield of reflection (worn)
 o - a +1 pair of gloves (worn)
 y - +1 fire dragon scales (worn)
 A - a +0 pair of boots (worn)
 C - the +2 scale mail of the Earth {MR+ Regen+ Str+7}
   (You bought it in a shop on level 11 of the Dungeon)

   It affects your strength (+7).
   It affects your resistance to hostile enchantments.
   It increases your rate of regeneration.
 J - the +2 helmet "Koarai" (worn) {Int-3 SInv Stlth+}
   (You found it in a Gauntlet)

   It affects your intelligence (-3).
   It lets you see invisible.
   It makes you more stealthy.
 P - a scarf of resistance (worn)
 T - the +0 cloak "Fubris" {*Contam +Inv rPois Slay+2}
   (You found it on level 2 of the Depths)

   It affects your accuracy and damage with ranged weapons and melee attacks
   (+2).
   It protects you from poison.
   It lets you turn invisible.
   It causes magical contamination when unequipped.
Jewellery
 D - an uncursed ring of ice
 N - the ring of Junirgh {Fire Int+2 Dex+6}
   (You took it off a minotaur in a Gauntlet)

   [ring of fire]

   It enhances your fire magic.
   It affects your intelligence (+2).
   It affects your dexterity (+6).
   It protects you from fire.
   It makes you vulnerable to cold.
 O - an uncursed ring of protection from cold
 S - a ring of resist corrosion (left hand)
 V - a ring of wizardry (right hand)
Wands
 j - a wand of paralysis (25)
 q - a wand of enslavement (7)
 s - a wand of iceblast (12)
 x - a wand of digging (5)
Scrolls
 e - 3 scrolls of magic mapping
 l - a scroll of fog
 r - a scroll of holy word
 u - 13 scrolls of remove curse
 B - 3 scrolls of immolation
 E - 2 scrolls of torment
 F - 2 scrolls of teleportation
 I - 3 scrolls of amnesia
 K - a scroll of silence
 L - a scroll of summoning
 Q - 9 scrolls of identify
Potions
 d - 2 potions of might
 h - 2 potions of brilliance
 k - 4 potions of curing
 m - 3 potions of agility
 n - a potion of ambrosia
 p - 4 potions of lignification
 t - 3 potions of cancellation
 G - 4 potions of flight
 R - a potion of magic
Books
 w - a manual of Polearms
Miscellaneous
 H - a lamp of fire
Comestibles
 f - 38 rations


   Skills:
 + Level 14.5 Fighting
 + Level 13.3 Short Blades
 + Level 13.3 Long Blades
 + Level 13.3 Axes
 + Level 14.0 Maces & Flails
 + Level 17.4 Polearms
 + Level 13.3 Staves
 + Level 13.3 Slings
 + Level 13.3 Bows
 + Level 13.3 Crossbows
 + Level 13.3 Throwing
 + Level 14.5 Armour
 + Level 13.3 Dodging
 + Level 13.3 Stealth
 + Level 14.5 Shields
 + Level 13.3 Unarmed Combat
 + Level 13.3 Spellcasting
 + Level 11.5 Conjurations
 + Level 11.5 Hexes
 + Level 11.5 Charms
 + Level 11.5 Summonings
 + Level 11.5 Necromancy
 + Level 11.5 Translocations
 + Level 11.5 Transmutations
 + Level 11.5 Fire Magic
 + Level 11.5 Ice Magic
 + Level 11.5 Air Magic
 + Level 11.5 Earth Magic
 + Level 11.5 Poison Magic
 + Level 14.4 Invocations
 + Level 13.3 Evocations


You had 21 spell levels left.
You knew the following spells:

 Your Spells              Type           Power        Failure   Level  Hunger
a - Blink                 Tloc           N/A          1%          2    None
b - Lesser Beckoning      Tloc           ######....   1%          3    None
c - Conjure Flame         Conj/Fire      ######..     1%          3    None
d - Mephitic Cloud        Conj/Pois/Air  ######..     1%          3    None
e - Freezing Cloud        Conj/Ice/Air   ######....   3%          6    ####...
f - Apportation           Tloc           ######       1%          1    None
g - Summon Butterflies    Summ           ######..     1%          1    None
h - Song of Slaying       Chrm           ######..     1%          2    None
i - Regeneration          Chrm/Necr      ######....   1%          3    None

Your spell library contained the following spells:

 Spells                   Type           Power        Failure   Level  Hunger
 Beastly Appendage        Tmut           ######       1%          1    None
 Corona                   Hex            ######.      1%          1    None
 Infusion                 Chrm           ####         1%          1    None
 Corpse Rot               Necr           N/A          1%          2    None
 Ensorcelled Hibernation  Hex/Ice        ######       1%          2    None
 Poisonous Vapours        Pois/Air       ######       1%          2    None
 Shroud of Golubria       Chrm/Tloc      ######       1%          2    None
 Slow                     Hex            ######..     1%          2    None
 Sticks to Snakes         Tmut           ######..     1%          2    None
 Sublimation of Blood     Necr           ######....   1%          2    None
 Confuse                  Hex            ######..     1%          3    None
 Dazzling Spray           Conj/Hex       ######       1%          3    None
 Spectral Weapon          Hex/Chrm       ######..     1%          3    None
 Spider Form              Tmut/Pois      ######....   1%          3    None
 Tukima's Dance           Hex            ######..     1%          3    None
 Ice Form                 Ice/Tmut       ######..     1%          4    None
 Agony                    Necr           ######..     1%          5    ##.....
 Alistair's Intoxication  Tmut/Pois      ######..     1%          5    ##.....
 Blade Hands              Tmut           ######....   1%          5    ##.....
 Bolt of Draining         Conj/Necr      ######....   1%          5    ##.....
 Dispel Undead            Necr           ######..     1%          5    ##.....
 Excruciating Wounds      Chrm/Necr      ######....   1%          5    ##.....
 Invisibility             Hex            ######..     3%          6    ####...
 Ring of Flames           Chrm/Fire      ######....   16%         7    ######.
 Discord                  Hex            ######....   75%         8    #######


Dungeon Overview and Level Annotations

Branches:
Dungeon (15/15)            Temple (1/1) D:6            Lair (6/6) D:11
  Swamp (4/4) Lair:4        Snake (4/4) Lair:2        Slime (0/5) Lair:6
    Orc (2/2) D:11            Elf (0/3) Orc:2        Vaults (0/5) D:13
 Depths (2/5) D:15          IceCv (visited)         Gauntlet (visited)

Altars:
Ashenzari
Cheibriados
Dithmenos
Elyvilon
Fedhas
Gozag
Hepliaklqana
Kikubaaqudgha
Makhleb
Nemelex Xobeh
Okawaru
Qazlal
Ru
Sif Muna
Trog
Vehumet
Wu Jian
Xom
Yredelemnul
Zin
The Shining One
Beogh
Jiyva

Shops:
D:11 *   Orc:1 (   Orc:2 :((*   Snake:1 [?   Depths:2 [

Portals:
Hell: Depths:1 Depths:2
Abyss: Depths:1
Pandemonium: Depths:1
Ziggurat: Depths:2

Annotations:
D:3 3 runed translucent doors, stillor's ghost, amateur HuCj


Innate Abilities, Weirdness & Mutations

Your experience applies equally to all skills.
You have very sharp teeth.
Your uncanny sense of smell can sniff out nearby items.
You are partially covered in iridescent scales. (AC +2)
Your skin changes colour to match your surroundings (Stealth+).
You can translocate small distances at will.


Message History

You block the ettin's attack. x2
Okay, then.
You step out of the flow of time.
You return to the normal time flow.
You are feeling hungry.
Cheibriados lowers the support of your attributes as your movement quickens.
The tengu warrior shouts!
The titan shouts!
The ice dragon roars deafeningly!
The golden dragon roars deafeningly!
You block the tengu warrior's attack.
The tengu warrior pecks you but does no damage.
The tengu warrior completely misses you.
The golden dragon breathes cold at you. The bolt of cold misses you.
You hear a loud, deep croak!
Okay, then.
You feel much better. The titan hits you!
* * * LOW HITPOINT WARNING * * *
You block the tengu warrior's attack. x3
The ice dragon breathes frost at you. The blast of cold hits you!!
You die...

∆ .......8.......
.......=.......
...............
#########...).......)...
.....#..##..8.....?.8..#
.....#...##...........#
..^.['....##...÷CQ...#
##..##..##.# ###@###
##.[###'##.###....D###
.#........##.........##
.#..[....##...8...8...##
.'......##....)...).D..##
##.###..#...............#
##.######.8...........8.#
......(.#......:........#
........#...............#


You could see a titan, a golden dragon, an ice dragon and a tengu warrior.

Vanquished Creatures
  Vashnia (Snake:4)
  2 golden dragons
  2 caustic shrikes (Depths:2)
  A lich (Depths:2)
  A thorn hunter (Swamp:4)
  Kirke (D:12)
  Roxanne (Snake:4)
  The ghost of Flugkiller the Nimble, an adept OpAM of Nemelex Xobeh (Swamp:2)
  Donald (Snake:1)
  A fire giant (Depths:1)
  18 nagarajas
  Aizul (Snake:2)
  2 frost giants
  A stone giant (Depths:1)
  9 very ugly things
  2 vampire knights (Depths:2)
  Nessos (Lair:4)
  Azrael (Snake:1)
  2 ettins (Depths:1)
  A minotaur (Gauntlet)
  7 fire dragons
  Josephine (Orc:1)
  2 great orbs of eyes
  23 naga warriors
  3 rakshasas
  29 hydras
  A hell beast (Depths:1)
  4 vault guards (D:13)
  5 ice dragons
  4 centaur warriors
  A ghost crab (Swamp:3)
  Erica (D:10)
  2 shambling mangroves
  3 catoblepae (Lair:6)
  7 anacondas
  10 death yaks
  4 two-headed ogres (Depths:1)
  4 deep troll shamans (Depths:1)
  5 alligators
  A dancing weapon (Swamp:2)
  2 ogre magi
  3 deep troll earth magi
  2 tengu warriors (Depths:1)
  A vampire mage (Depths:2)
  An orc high priest (Orc:2)
  12 shock serpents
  7 spriggans
  A sun demon (Depths:1)
  17 naga sharpshooters
  2 iron trolls (Depths:1)
  A salamander mystic (Snake:4)
  3 sea snakes (Snake:3)
  A death drake (shapeshifter) (Gauntlet)
  3 unseen horrors
  3 wizards
  8 swamp dragons
  2 spriggan druids
  8 deep trolls (Depths:1)
  13 naga ritualists
  A deep elf archer (D:13)
  Pikel (D:9)
  2 phantasmal warriors (Depths:2)
  A glowing orange brain (Depths:2)
  3 necromancers
  2 lindwurms (Lair:5)
  3 orc knights
  A deep elf mage (D:15)
  An orc sorcerer (Orc:2)
  11 salamanders
  28 ugly things
  8 mana vipers
  7 cyclopes
  7 manticores
  41 black mambas
  5 guardian serpents
  A rust devil (Gauntlet)
  9 elephants
  A black mamba (shapeshifter) (D:15)
  21 naga magi
  Psyche (D:9)
  An ice statue (IceCv)
  A torpor snail (Lair:6)
  14 spiny frogs
  9 rime drakes
  An ice devil (Depths:1)
  8 komodo dragons
  5 yaktaurs
  6 tyrant leeches
  A yaktaur skeleton (Depths:1)
  A tengu conjurer (D:13)
  A jumping spider (shapeshifter) (Gauntlet)
  14 hornets
  15 polar bears
  3 meliai (D:12)
  A merfolk (D:10)
  A hornet (shapeshifter) (Gauntlet)
  8 trolls
  24 slime creatures
  11 blink frogs
  A harpy skeleton (D:15)
  5 bog bodies
  A raiju (shapeshifter) (D:15)
  An elf zombie (Depths:1)
  2 deep troll zombies (Depths:1)
  4 dream sheep (Lair:6)
  16 hippogriffs
  3 shadows
  2 vampires
  A ynoxinul (Gauntlet)
  3 flying skulls (Depths:1)
  35 yaks
  2 spriggan skeletons (Depths:1)
  A fire elemental (Snake:1)
  A human (shapeshifter) (Gauntlet)
  11 wyverns
  6 wraiths
  5 basilisks
  A hog (D:12)
  2 humans
  25 vampire mosquitoes
  2 hungry ghosts (D:11)
  2 wargs (Orc:1)
  55 nagas
  11 swamp worms
  2 soldier ants (D:15)
  18 insubstantial wisps
  A tengu zombie (Depths:1)
  10 water moccasins
  3 hell hounds (Snake:1)
  6 porcupines
  14 swamp drakes
  35 orc warriors
  An eye of draining (D:13)
  2 phantoms
  6 ice beasts
  2 boggarts
  4 sky beasts
  A necrophage (D:10)
  12 ogres
  19 wolves
  19 centaurs
  2 big kobolds
  12 crocodiles
  19 bullfrogs
  A glowing shapeshifter simulacrum (Depths:1)
  2 wyvern zombies
  5 scorpions
  9 killer bees
  11 wights
  11 electric eels
  12 howler monkeys
  2 bullfrog zombies
  6 crimson imps
  A jelly (D:14)
  5 quasits
  5 hounds
  An iron imp (Gauntlet)
  2 centaur skeletons
  14 orc priests
  A gnoll shaman (D:9)
  3 bullfrog skeletons
  17 orc wizards
  6 iguanas
  12 worker ants
  A shapeshifter simulacrum (Depths:1)
  A killer bee zombie (D:8)
  2 hound zombies
  10 gnolls
  7 adders
  2 shadow imps
  An ooze (D:5)
  2 adder zombies
  2 adder skeletons
  3 worms
  2 dart slugs (D:2)
  5 leopard geckos
  90 orcs
  A giant cockroach (D:2)
  5 hobgoblins
  13 jackals
  3 quokkas
  A ball python (D:6)
  A ball python skeleton (D:4)
  3 bats
  6 frilled lizards
  A giant cockroach zombie (D:2)
  10 goblins
  2 goblin zombies (D:7)
  2 hobgoblin zombies (D:7)
  A jackal skeleton (D:6)
  A jackal zombie (D:6)
  14 kobolds
  A kobold skeleton (D:7)
  A leopard gecko skeleton (D:5)
  A leopard gecko zombie (D:5)
  3 orc skeletons (D:7)
  An orc zombie (D:7)
  2 rats (D:3)
  A spectral orc (D:7)
  A fungus (Lair:5)
  A plant (D:11)
1253 creatures vanquished.

Vanquished Creatures (others)
  3 naga sharpshooters
  Nergalle (Lair:4)
  A spriggan (Swamp:2)
  3 humans (D:12)
  A naga (Snake:4)
  A slave (D:9)
  3 wolves (IceCv)
  An orc priest (Orc:2)
  An iron imp (Gauntlet)
  2 orcs (Orc:2)
  2 briar patches (Swamp:4)
  7 fungi
  20 plants
  14 toadstools (Lair:5)
60 creatures vanquished.

Grand Total: 1313 creatures vanquished

Notes
Turn   | Place    | Note
-------+----------+-------------------------------------------
     0 | D:1      | Ijustatesigmund the Gnoll Fighter began the quest for the
                  | Orb.
     0 | D:1      | Reached XP level 1. HP: 23/23 MP: 1/1
   645 | D:2      | Reached XP level 2. HP: 29/29 MP: 2/2
   724 | D:2      | Found a glowing golden altar of the Shining One.
   732 | D:2      | Found a transporter.
   745 | D:2      | Found a transporter.
   819 | D:2      | Reached XP level 3. HP: 31/35 MP: 3/3
  1118 | D:2      | Reached skill level 1 in Invocations
  1339 | D:2      | Reached skill level 1 in Short Blades
  1339 | D:2      | Reached skill level 1 in Long Blades
  1339 | D:2      | Reached skill level 1 in Axes
  1339 | D:2      | Reached skill level 1 in Polearms
  1339 | D:2      | Reached skill level 1 in Staves
  1339 | D:2      | Reached skill level 1 in Slings
  1339 | D:2      | Reached skill level 1 in Bows
  1339 | D:2      | Reached skill level 1 in Crossbows
  1339 | D:2      | Reached skill level 1 in Throwing
  1339 | D:2      | Reached skill level 1 in Dodging
  1339 | D:2      | Reached skill level 1 in Stealth
  1339 | D:2      | Reached skill level 1 in Unarmed Combat
  1339 | D:2      | Reached skill level 1 in Spellcasting
  1339 | D:2      | Reached skill level 1 in Evocations
  1372 | D:3      | Reached XP level 4. HP: 37/41 MP: 5/5
  1708 | D:3      | Found a runed translucent gate.
  1709 | D:3      | Noticed a big kobold
  1710 | D:3      | Found a runed translucent gate.
  1710 | D:3      | Found a runed translucent gate.
  1711 | D:3      | Noticed a big kobold
  1711 | D:3      | Noticed a big kobold
  1712 | D:3      | Noticed stillor's ghost (amateur HuCj)
  2196 | D:4      | Reached skill level 1 in Conjurations
  2196 | D:4      | Reached skill level 1 in Hexes
  2196 | D:4      | Reached skill level 1 in Charms
  2196 | D:4      | Reached skill level 1 in Summonings
  2196 | D:4      | Reached skill level 1 in Necromancy
  2196 | D:4      | Reached skill level 1 in Translocations
  2196 | D:4      | Reached skill level 1 in Transmutations
  2196 | D:4      | Reached skill level 1 in Fire Magic
  2196 | D:4      | Reached skill level 1 in Ice Magic
  2196 | D:4      | Reached skill level 1 in Air Magic
  2196 | D:4      | Reached skill level 1 in Earth Magic
  2196 | D:4      | Reached skill level 1 in Poison Magic
  2449 | D:4      | Reached XP level 5. HP: 40/47 MP: 6/6
  2999 | D:4      | Reached XP level 6. HP: 52/53 MP: 8/8
  3281 | D:4      | Found a hazy altar of Hepliaklqana.
  3415 | D:5      | Entered Level 5 of the Dungeon
  3500 | D:5      | Reached skill level 5 in Maces & Flails
  3761 | D:5      | Reached skill level 2 in Polearms
  4038 | D:5      | Found an ancient bone altar of Kikubaaqudgha.
  4052 | D:5      | Reached XP level 7. HP: 59/59 MP: 10/10
  5130 | D:6      | Found a staircase to the Ecumenical Temple.
  5144 | Temple   | Entered the Ecumenical Temple
  5467 | D:6      | Reached XP level 8. HP: 51/67 MP: 12/12
  5709 | D:6      | Reached skill level 3 in Polearms
  5760 | D:6      | Found a shimmering altar of Xom.
  5761 | D:6      | Found a shimmering altar of Xom.
  6219 | D:6      | Found a shimmering altar of Xom.
  6220 | D:6      | Found a shimmering altar of Xom.
  6399 | D:6      | Found a shimmering altar of Xom.
  6409 | D:6      | Found a shimmering altar of Xom.
  6410 | D:6      | Found a shimmering altar of Xom.
  6411 | D:6      | Found a shimmering altar of Xom.
  6832 | D:7      | Found a snail-covered altar of Cheibriados.
  6832 | D:7      | Found a glowing silver altar of Zin.
  6835 | D:7      | Found a shimmering blue altar of Sif Muna.
  6835 | D:7      | Found an iron altar of Okawaru.
  6840 | D:7      | Became a worshipper of Cheibriados the Contemplative
  6893 | D:7      | Gained mutation: You are weak. (Str -2) [potion of
                  | mutation]
  6893 | D:7      | Gained mutation: You can translocate small distances at
                  | will. [potion of mutation]
  6893 | D:7      | Gained mutation: Armour fits poorly on your strangely
                  | shaped body. [potion of mutation]
  6893 | D:7      | Gained mutation: You expend magic power (3 MP) to
                  | strengthen your wands. [potion of mutation]
  6942 | D:7      | Reached XP level 9. HP: 69/72 MP: 10/14
  6977 | D:7      | Reached * piety under Cheibriados
  7366 | D:7      | Found a basalt altar of Yredelemnul.
  7448 | D:7      | Found a glowing golden altar of the Shining One.
  7645 | D:8      | Reached skill level 4 in Polearms
  7691 | D:8      | Noticed a seven-headed hydra
  7700 | D:8      | Killed a seven-headed hydra
  7800 | D:8      | Reached skill level 5 in Invocations
  8055 | D:8      | Reached ** piety under Cheibriados
  8572 | D:9      | Reached XP level 10. HP: 75/80 MP: 17/17
  8805 | D:8      | Reached *** piety under Cheibriados
  8997 | D:8      | Found a bloodstained altar of Trog.
  9282 | D:9      | Noticed Psyche
  9296 | D:9      | Killed Psyche
  9296 | D:9      | Reached skill level 5 in Short Blades
  9296 | D:9      | Reached skill level 5 in Long Blades
  9296 | D:9      | Reached skill level 5 in Axes
  9296 | D:9      | Reached skill level 5 in Polearms
  9296 | D:9      | Reached skill level 5 in Staves
  9296 | D:9      | Reached skill level 5 in Slings
  9296 | D:9      | Reached skill level 5 in Bows
  9296 | D:9      | Reached skill level 5 in Crossbows
  9296 | D:9      | Reached skill level 5 in Throwing
  9296 | D:9      | Reached skill level 5 in Dodging
  9296 | D:9      | Reached skill level 5 in Stealth
  9296 | D:9      | Reached skill level 5 in Unarmed Combat
  9296 | D:9      | Reached skill level 5 in Spellcasting
  9296 | D:9      | Reached skill level 5 in Evocations
  9423 | D:9      | Noticed a manticore
  9440 | D:9      | Killed a manticore
  9443 | D:9      | Got an ichor-stained flail
  9445 | D:9      | Identified the +6 flail of Midsummer {antimagic, Dex+2}
                  | (You found it on level 9 of the Dungeon)
  9487 | D:9      | Noticed a cyclops
  9506 | D:9      | HP: 1/82 [cyclops (16)]
  9517 | D:9      | Killed a cyclops
  9796 | D:9      | Identified the Almanac of Beguiling and the Voyage
  9854 | D:9      | Identified the +1 leather armour "Epneck" {*Slow rCorr
                  | Str+6 Dex+5}
 10067 | D:9      | Noticed Pikel
 10123 | D:9      | Killed Pikel
 10143 | D:9      | Found a sacrificial altar of Ru.
 10266 | D:9      | Reached skill level 6 in Polearms
 10291 | D:9      | Found a stormy altar of Qazlal.
 10356 | D:9      | Reached **** piety under Cheibriados
 10672 | D:9      | Found a sparkling altar of Nemelex Xobeh.
 10672 | D:9      | Found an opulent altar of Gozag.
 10718 | D:10     | Entered Level 10 of the Dungeon
 10764 | D:10     | Reached XP level 11. HP: 79/87 MP: 6/19
 10801 | D:10     | Noticed Erica
 10811 | D:10     | Killed Erica
 11184 | D:10     | Reached skill level 5 in Conjurations
 11184 | D:10     | Reached skill level 5 in Hexes
 11184 | D:10     | Reached skill level 5 in Charms
 11184 | D:10     | Reached skill level 5 in Summonings
 11184 | D:10     | Reached skill level 5 in Necromancy
 11184 | D:10     | Reached skill level 5 in Translocations
 11184 | D:10     | Reached skill level 5 in Transmutations
 11184 | D:10     | Reached skill level 5 in Fire Magic
 11184 | D:10     | Reached skill level 5 in Ice Magic
 11184 | D:10     | Reached skill level 5 in Air Magic
 11184 | D:10     | Reached skill level 5 in Earth Magic
 11184 | D:10     | Reached skill level 5 in Poison Magic
 11467 | D:10     | Lost mutation: You expend magic power (3 MP) to strengthen
                  | your wands. [potion of mutation]
 11467 | D:10     | Lost mutation: You are weak. (Str -2) [potion of mutation]
 11467 | D:10     | Gained mutation: You expend magic power (3 MP) to
                  | strengthen your wands. [potion of mutation]
 11467 | D:10     | Gained mutation: You have a pair of small antennae on your
                  | head. [potion of mutation]
 12178 | D:11     | Found Juitsuhe's Assorted Antiques.
 12187 | D:11     | Bought a polished scale mail for 189 gold pieces
 12187 | D:11     | Bought a garnet ring for 105 gold pieces
 12187 | D:11     | Bought 3 scrolls of identify for 126 gold pieces
 12197 | D:11     | Identified the +2 scale mail of the Earth {MR+ Regen+
                  | Str+7} (You bought it in a shop on level 11 of the Dungeon)
 12263 | D:11     | Noticed a manticore
 12276 | D:11     | Killed a manticore
 12351 | D:11     | Killed an unseen horror
 12351 | D:11     | Reached skill level 7 in Polearms
 12476 | D:11     | You fall into a shaft and drop 1 floor!
 12643 | D:12     | Noticed Kirke
 13260 | D:11     | Found a staircase to the Lair.
 13371 | D:11     | Found a roughly hewn altar of Beogh.
 13452 | D:11     | Found a staircase to the Orcish Mines.
 13510 | D:11     | Noticed a cyclops
 13519 | D:11     | Killed a cyclops
 13753 | D:12     | Noticed a harpy
 13753 | D:12     | Noticed a harpy
 13771 | D:12     | Noticed a sphinx
 13914 | D:12     | Noticed a manticore
 13921 | D:12     | Killed a manticore
 13921 | D:12     | Reached XP level 12. HP: 88/94 MP: 7/22
 13991 | D:12     | Killed Kirke
 13991 | D:12     | Reached skill level 8 in Polearms
 14906 | D:13     | Noticed a vault guard
 14910 | D:13     | Noticed a vault guard
 14923 | D:13     | Killed a vault guard
 15042 | D:13     | Reached ***** piety under Cheibriados
 15265 | D:13     | Reached skill level 9 in Polearms
 15388 | D:13     | Reached skill level 10 in Fighting
 15388 | D:13     | Reached skill level 10 in Armour
 15388 | D:13     | Reached skill level 10 in Shields
 16192 | Lair:1   | Entered Level 1 of the Lair of Beasts
 16453 | Lair:1   | Reached XP level 13. HP: 103/103 MP: 8/24
 17293 | Lair:2   | Learned a level 2 spell: Blink
 17297 | Lair:2   | Learned a level 3 spell: Lesser Beckoning
 17654 | Lair:2   | Found a staircase to the Snake Pit.
 17882 | Lair:3   | Learned a level 3 spell: Conjure Flame
 18059 | Lair:3   | Reached skill level 10 in Polearms
 19255 | Lair:4   | Found a staircase to the Swamp.
 19432 | Lair:4   | Learned a level 3 spell: Mephitic Cloud
 19537 | Lair:4   | Noticed Nergalle
 19538 | Lair:4   | Noticed Nessos
 19545 | Lair:4   | Killed Nergalle
 19557 | Lair:4   | Killed Nessos
 20331 | Lair:6   | Entered Level 6 of the Lair of Beasts
 20389 | Lair:6   | Found a gate leading to a gauntlet.
 20401 | Gauntlet | Entered a Gauntlet
 20401 | Gauntlet | Found a transporter.
 20410 | Gauntlet | Found a transporter.
 20412 | Gauntlet | Found a transporter.
 20430 | Gauntlet | Found a transporter.
 20432 | Gauntlet | Found a transporter.
 20496 | Gauntlet | Found a transporter.
 20530 | Gauntlet | Found a transporter.
 20536 | Gauntlet | Reached XP level 14. HP: 104/111 MP: 26/26
 20584 | Gauntlet | Found a transporter.
 20585 | Gauntlet | Found the +2 Maxwell's thermic engine {flame, freeze}
 20743 | Gauntlet | Found a transporter.
 20746 | Gauntlet | Got a smoking helmet
 20755 | Gauntlet | Found a runed translucent gate.
 20756 | Gauntlet | Found a runed translucent gate.
 20756 | Gauntlet | Found a transporter.
 20756 | Gauntlet | Found a transporter.
 20758 | Gauntlet | Identified the +2 helmet "Koarai" {Int-3 SInv Stlth+} (You
                  | found it in a Gauntlet)
 20773 | Gauntlet | Identified the +9 long sword of Untetteg {freeze, rPois
                  | Dex+6 Stlth-}
 20773 | Gauntlet | Identified the ring of Junirgh {Fire Int+2 Dex+6}
 20782 | Gauntlet | Reached skill level 11 in Polearms
 20905 | Lair:6   | Found a staircase to the Slime Pits.
 20905 | Lair:6   | Found a viscous altar of Jiyva.
 20939 | Lair:5   | Reached skill level 10 in Maces & Flails
 21286 | Lair:5   | Found the cursed +14 obsidian axe {chop, +Fly SInv *Curse}
 21305 | Lair:5   | Found a runed translucent door.
 22246 | Lair:6   | Reached skill level 10 in Invocations
 22306 | Lair:6   | Reached ****** piety under Cheibriados
 23182 | Orc:1    | Entered Level 1 of the Orcish Mines
 23193 | Orc:1    | Noticed Josephine
 23197 | Orc:1    | Found Dayvinn's Antique Weapon Shoppe.
 23201 | Orc:1    | Killed Josephine
 23202 | Orc:1    | Reached skill level 12 in Polearms
 23400 | Orc:2    | Entered Level 2 of the Orcish Mines
 23418 | Orc:2    | Reached XP level 15. HP: 66/119 MP: 28/28
 24474 | Orc:2    | Found a staircase to the Elven Halls.
 24624 | Orc:2    | Found Osyddapha's Weapon Emporium.
 24624 | Orc:2    | Found Tidaonwy's Weapon Boutique.
 24626 | Orc:2    | Found Zeonuorgh's Book Shop.
 24628 | Orc:2    | Found Leuclapn's Assorted Antiques.
 24640 | Orc:2    | Bought a large opal ring for 175 gold pieces
 24640 | Orc:2    | Bought a scroll labeled HERIUNI ORALU for 35 gold pieces
 25150 | D:13     | Paralysed by a wizard for 4 turns
 25497 | D:13     | Found a gate to the Vaults.
 27046 | D:14     | Reached skill level 10 in Short Blades
 27046 | D:14     | Reached skill level 10 in Long Blades
 27046 | D:14     | Reached skill level 10 in Axes
 27046 | D:14     | Reached skill level 10 in Staves
 27046 | D:14     | Reached skill level 10 in Slings
 27046 | D:14     | Reached skill level 10 in Bows
 27046 | D:14     | Reached skill level 10 in Crossbows
 27046 | D:14     | Reached skill level 10 in Throwing
 27046 | D:14     | Reached skill level 10 in Dodging
 27046 | D:14     | Reached skill level 10 in Stealth
 27046 | D:14     | Reached skill level 10 in Unarmed Combat
 27046 | D:14     | Reached skill level 10 in Spellcasting
 27046 | D:14     | Reached skill level 10 in Evocations
 27115 | D:14     | Got a distressingly furry ring mail
 27160 | D:14     | Identified the +2 ring mail of Entitlement {MR++} (You
                  | found it on level 14 of the Dungeon)
 27541 | D:15     | Entered Level 15 of the Dungeon
 27616 | D:15     | Found a frozen archway.
 27639 | IceCv    | Entered an ice cave
 27700 | IceCv    | Got an encrusted quarterstaff
 27762 | IceCv    | Reached skill level 13 in Polearms
 27957 | IceCv    | Noticed a frost giant
 27970 | IceCv    | Killed a frost giant
 27970 | IceCv    | Reached XP level 16. HP: 121/127 MP: 22/30
 28612 | D:15     | Found a staircase to the Depths.
 29271 | Snake:1  | Entered Level 1 of the Snake Pit
 29582 | Snake:1  | Noticed Donald
 29597 | Snake:1  | Killed Donald
 29700 | Snake:1  | Found Fuiduth's Magic Scroll Boutique.
 29709 | Snake:1  | Found Mesoig's Armour Shop.
 29711 | Snake:1  | Bought a scroll of teleportation for 42 gold pieces
 29711 | Snake:1  | Bought a scroll of identify for 28 gold pieces
 29711 | Snake:1  | Bought a scroll of identify for 28 gold pieces
 29844 | Snake:1  | Noticed Azrael
 29865 | Snake:1  | Killed Azrael
 30991 | Snake:2  | Noticed a nagaraja
 31000 | Snake:2  | Killed a nagaraja
 31292 | Snake:2  | Found a white marble altar of Elyvilon.
 31664 | Swamp:1  | Entered Level 1 of the Swamp
 31837 | Swamp:1  | Identified the cursed +0 quarterstaff of Tanon {crush,
                  | *Drain Str+6} (You found it in an ice cave)
 31839 | Swamp:1  | Identified a scroll of acquirement
 32010 | Swamp:1  | Reached skill level 14 in Polearms
 32052 | Swamp:1  | Lost mutation: You have a pair of small antennae on your
                  | head. [potion of mutation]
 32052 | Swamp:1  | Lost mutation: You expend magic power (3 MP) to strengthen
                  | your wands. [potion of mutation]
 32052 | Swamp:1  | Lost mutation: Armour fits poorly on your strangely shaped
                  | body. [potion of mutation]
 32052 | Swamp:1  | Gained mutation: You are partially covered in iridescent
                  | scales. (AC +2) [potion of mutation]
 32052 | Swamp:1  | Gained mutation: Your skin changes colour to match your
                  | surroundings (Stealth+). [potion of mutation]
 32570 | Swamp:2  | Reached XP level 17. HP: 135/135 MP: 32/32
 32867 | Swamp:2  | Found a runed translucent door.
 32868 | Swamp:2  | Found a shimmering altar of Xom.
 32868 | Swamp:2  | Noticed Flugkiller's ghost (adept OpAM)
 32869 | Swamp:2  | Identified the cursed +0 quarterstaff of Oxzut {chaos, rF+
                  | SInv}
 32903 | Swamp:2  | Killed Flugkiller's ghost
 32915 | Swamp:2  | Identified the +8 mace of Harmony {crush, rPois} (You found
                  | it on level 2 of the Swamp)
 34016 | Swamp:4  | Entered Level 4 of the Swamp
 34416 | Swamp:4  | Learned a level 6 spell: Freezing Cloud
 35226 | Swamp:4  | Got a decaying rune of Zot
 35810 | Orc:2    | Bought a book of Battle for 560 gold pieces
 35810 | Orc:2    | Bought a book of Party Tricks for 700 gold pieces
 35812 | Orc:2    | Learned a level 1 spell: Apportation
 35814 | Orc:2    | Learned a level 1 spell: Summon Butterflies
 35817 | Orc:2    | Learned a level 2 spell: Song of Slaying
 35958 | Depths:1 | Entered Level 1 of the Depths
 35971 | Depths:1 | Paralysed by a wizard for 4 turns
 36000 | Depths:1 | Reached skill level 15 in Polearms
 36003 | Depths:1 | Reached skill level 10 in Conjurations
 36003 | Depths:1 | Reached skill level 10 in Hexes
 36003 | Depths:1 | Reached skill level 10 in Charms
 36003 | Depths:1 | Reached skill level 10 in Summonings
 36003 | Depths:1 | Reached skill level 10 in Necromancy
 36003 | Depths:1 | Reached skill level 10 in Translocations
 36003 | Depths:1 | Reached skill level 10 in Transmutations
 36003 | Depths:1 | Reached skill level 10 in Fire Magic
 36003 | Depths:1 | Reached skill level 10 in Ice Magic
 36003 | Depths:1 | Reached skill level 10 in Air Magic
 36003 | Depths:1 | Reached skill level 10 in Earth Magic
 36003 | Depths:1 | Reached skill level 10 in Poison Magic
 36018 | Depths:1 | Noticed a golden dragon
 36033 | Depths:1 | Killed a golden dragon
 36033 | Depths:1 | Reached XP level 18. HP: 129/143 MP: 33/33
 36133 | Depths:1 | Found a one-way gate to the infinite horrors of the Abyss.
 36952 | Depths:1 | Found a one-way gate leading to the halls of Pandemonium.
 36957 | Depths:1 | You fall into a shaft and drop 1 floor!
 37937 | Snake:2  | Noticed Aizul
 37957 | Snake:2  | Killed Aizul
 38838 | Snake:2  | Upgraded the game from 0.25-a0-105-g2289b3b9f1 to
                  | 0.25-a0-108-gda8bd6cf83
 39247 | Snake:3  | Reached XP level 19. HP: 101/151 MP: 35/35
 39400 | Snake:3  | Learned a level 3 spell: Regeneration
 39704 | Snake:3  | Reached skill level 16 in Polearms
 39906 | Snake:4  | Entered Level 4 of the Snake Pit
 40074 | Snake:4  | Noticed Roxanne
 40106 | Snake:4  | Killed Roxanne
 40297 | Snake:4  | HP: 3/151 [shock serpent/electric aura (12)]
 42962 | Snake:4  | Noticed Vashnia
 42980 | Snake:4  | Killed Vashnia
 42980 | Snake:4  | Reached XP level 20. HP: 87/159 MP: 10/37
 43407 | Snake:4  | Reached skill level 17 in Polearms
 44045 | Snake:4  | Got a serpentine rune of Zot
 44637 | Depths:1 | Found a gateway to Hell.
 44933 | Depths:2 | Paralysed by a great orb of eyes for 3 turns
 44939 | Depths:2 | Found Fuepont's Armour Shop.
 44946 | Depths:2 | Paralysed by a vampire knight for 4 turns
 45511 | Depths:2 | Found a gateway to a ziggurat.
 45527 | Depths:2 | Noticed a golden dragon
 45528 | Depths:2 | Noticed a caustic shrike
 45546 | Depths:2 | Killed a caustic shrike
 45547 | Depths:2 | Killed a golden dragon
 45983 | Depths:2 | Identified the +0 cloak "Fubris" {*Contam +Inv rPois
                  | Slay+2} (You found it on level 2 of the Depths)
 46014 | Depths:2 | Noticed a caustic shrike
 46022 | Depths:2 | Killed a caustic shrike
 46024 | Depths:2 | Noticed a golden dragon
 46031 | Depths:2 | Killed from afar by an ice dragon

Levels and vault maps discovered:
D:1:      evilmike_arrival_home_sweet_home, layout_loops_cross, serial_forest,
          infiniplex_forest_corner_2, infiniplex_forest_straight_2,
          infiniplex_forest_straight_2, infiniplex_forest_lined_corner,
          infiniplex_forest_lined_3, infiniplex_forest_lined_room_2, hex_medium
D:2:      layout_loops_cross, gammafunk_temple_overflow_arena, first_ration
D:3:      layout_loops_ring, gammafunk_ghost_nasty_kobolds
D:4:      layout_layer_cave, kennysheep_mini, serial_rivers,
          chequers_serial_rivers_micro_c, chequers_serial_rivers_room_b,
          chequers_serial_rivers_micro_a, chequers_serial_rivers_micro_e,
          chequers_serial_rivers_small_3, chequers_serial_rivers_room_b,
          minmay_close_crescents
D:5:      layout_basic, overflow_temple_1_default
D:6:      layout_cave_pools, xom_redecorated, minmay_temple_entry_mini_moons,
          minivault_27
D:7:      layout_rooms, yredelemnul_forgotten_temple_becter,
          nicolae_overflow_hidden_temple,
          chequers_temple_overflow_statue_of_worship,
          nicolae_tso_besieged_by_evil
D:8:      layout_layer_cave, trog_hazing_becter
D:9:      minmay_the_grid_four_pointed_star
          [minmay_the_grid_triangle_9x9_stretched_checkered,
          minmay_the_grid_triangle_9x9_longest,
          minmay_the_grid_triangle_9x9_limited_checkers,
          minmay_the_grid_triangle_9x9_wacky_v,
          minmay_the_grid_prize_four_corners_diamond_b], layout_basic,
          grunt_temple_overflow_opulence, nicolae_ru_sacrificial_ziggurat,
          basic_altar, uniq_pikel, uniq_psyche
D:10:     layout_basic, hangedman_stone_soup, st_stairs_9, uniq_erica
D:11:     layout_roguey, david_lair_shrubbed, david_orc_5, serial_shops,
          shop_statue, minmay_door_square, palyth_stone_intersect
D:12:     layout_layer_cave, hangedman_decor_clover_reticule, uniq_kirke
D:13:     layout_stronghold, grunt_vaults_entry_fortified, serial_rivers,
          chequers_serial_rivers_room_a, chequers_serial_rivers_large_a,
          chequers_serial_rivers_small_b, chequers_serial_rivers_micro_a,
          chequers_serial_rivers_small_b
D:14:     layout_long_grid, columned_hall_lemuel, special_room
          [special_room_mythical_zoo]
D:15:     grunt_enter_depths_hoard, layout_gridville,
          portal_ice_cave_entry_pillars_1, minivault_25, serial_bayou_lagoon_b
Temple:   compressed_dpeg_triangle_lava_temple
Lair:1:   layout_regular_city, disabler_island
Lair:2:   layout_regular_city, dummy_snake_entry
Lair:3:   layout_cave_pods, grunt_megastairs_4
Lair:4:   layout_cave_pods, swamp_mist_pool, grunt_megastairs_3,
          lemuel_fruit_tree, infiniplex_staircase_pool, uniq_nessos,
          uniq_nergalle
Lair:5:   gammafunk_lair_enchanted_lake, layout_regular_city
Lair:6:   evilmike_catoblepas_cave, layout_regular_city, slime_altar_1,
          gauntlet_entry_generic, infiniplex_staircase_pool_2,
          serial_bayou_shore_b
Swamp:1:  layout_basic_swamp, evilmike_swamp_ruin_wall
Swamp:2:  layout_basic_swamp, ebering_ghost_xom, nicolae_swamp_fairy_circle
Swamp:3:  layout_basic_swamp, serial_swamp_ruin, evilmike_swamp_ruin_house_4,
          evilmike_swamp_ruin_house_2
Swamp:4:  swamp, layout_basic_swamp
Snake:1:  layout_chambers, minmay_shoptagon, serial_bayou_shore_b, uniq_azrael,
          uniq_donald
Snake:2:  layout_onion, basic_altar, grunt_ministairs_8, uniq_aizul
Snake:3:  layout_grid_shapes, nrook_loot_triangle, grunt_ministairs_13,
          serial_bayou_shore_a
Snake:4:  grunt_snake_rune_spirals, layout_onion, nicolae_snake_shapes,
          uniq_roxanne, uniq_vashnia
Orc:1:    layout_caves, serial_shops, nicolae_shop_window_shopping,
          uniq_josephine
Orc:2:    st_orc_rangers, layout_caves
Depths:1: layout_basic, pan_entry, roderic_serpentine_path,
          hangedman_abyss_entry_splay, grunt_mini_vestibule,
          chequers_serial_rivers_room_a, kennysheep_generic_room_7
Depths:2: kennysheep_green_arena, layout_gridville, enter_ziggurat_c,
          serial_shops, shop, hell_entry, infiniplex_staircase_pillars_2,
          serial_bayou_shore_b, firewood_loft, serial_bayou_shore_b

Skill      XL: |  1  2  3  4  5  6  7  8  9 10 11 12 13 14 15 16 17 18 19 20 |
---------------+-------------------------------------------------------------+-----
Invocations    | 1 2 3 4 5 6 7 8 9 10 11 12 13 14 | 14.4
Short Blades   | 1 2 3 4 5 6 7 8 9 10 11 12 13 | 13.3
Long Blades    | 1 2 3 4 5 6 7 8 9 10 11 12 13 | 13.3
Axes           | 1 2 3 4 5 6 7 8 9 10 11 12 13 | 13.3
Polearms       | 1 2 3 4 6 7 9 10 12 13 14 15 16 17 | 17.4
Staves         | 1 2 3 4 5 6 7 8 9 10 11 12 13 | 13.3
Slings         | 1 2 3 4 5 6 7 8 9 10 11 12 13 | 13.3
Bows           | 1 2 3 4 5 6 7 8 9 10 11 12 13 | 13.3
Crossbows      | 1 2 3 4 5 6 7 8 9 10 11 12 13 | 13.3
Throwing       | 1 2 3 4 5 6 7 8 9 10 11 12 13 | 13.3
Dodging        | 1 2 3 4 5 6 7 8 9 10 11 12 13 | 13.3
Stealth        | 1 2 3 4 5 6 7 8 9 10 11 12 13 | 13.3
Unarmed Combat | 1 2 3 4 5 6 7 8 9 10 11 12 13 | 13.3
Spellcasting   | 1 2 3 4 5 6 7 8 9 10 11 12 13 | 13.3
Evocations     | 1 2 3 4 5 6 7 8 9 10 11 12 13 | 13.3
Conjurations   | 1 2 3 4 5 6 7 8 9 10 11 | 11.5
Hexes          | 1 2 3 4 5 6 7 8 9 10 11 | 11.5
Charms         | 1 2 3 4 5 6 7 8 9 10 11 | 11.5
Summonings     | 1 2 3 4 5 6 7 8 9 10 11 | 11.5
Necromancy     | 1 2 3 4 5 6 7 8 9 10 11 | 11.5
Translocations | 1 2 3 4 5 6 7 8 9 10 11 | 11.5
Transmutations | 1 2 3 4 5 6 7 8 9 10 11 | 11.5
Fire Magic     | 1 2 3 4 5 6 7 8 9 10 11 | 11.5
Ice Magic      | 1 2 3 4 5 6 7 8 9 10 11 | 11.5
Air Magic      | 1 2 3 4 5 6 7 8 9 10 11 | 11.5
Earth Magic    | 1 2 3 4 5 6 7 8 9 10 11 | 11.5
Poison Magic   | 1 2 3 4 5 6 7 8 9 10 11 | 11.5
Maces & Flails | 5 6 7 8 9 10 11 12 13 14 | 14.0
Fighting       | 7 8 9 10 11 12 13 14 | 14.5
Armour         | 7 8 9 10 11 12 13 14 | 14.5
Shields        | 7 8 9 10 11 12 13 14 | 14.5

Action                   |  1- 3 |  4- 6 |  7- 9 | 10-12 | 13-15 | 16-18 | 19-21 || total
-------------------------+-------+-------+-------+-------+-------+-------+-------++-------
Melee: Flail             |    57 |     5 |   233 |   669 |   331 |       |       ||  1295
       Bite              |     6 |    16 |    63 |   157 |   207 |   255 |   179 ||   883
       Morningstar       |       |   138 |   181 |       |       |       |       ||   319
       Unarmed           |       |       |       |     8 |       |       |       ||     8
       Double sword      |       |       |       |       |   560 |   681 |    87 ||  1328
       Long sword        |       |       |       |       |       |   382 |   591 ||   973
Throw: Boomerang         |       |       |       |     4 |       |       |       ||     4
 Cast: Blink             |       |       |       |       |     3 |     4 |       ||     7
       Lesser Beckoning  |       |       |       |       |     8 |    29 |    63 ||   100
       Mephitic Cloud    |       |       |       |       |     4 |       |       ||     4
       Conjure Flame     |       |       |       |       |     2 |     1 |       ||     3
       Song of Slaying   |       |       |       |       |       |     7 |     3 ||    10
       Freezing Cloud    |       |       |       |       |       |     5 |    29 ||    34
       Regeneration      |       |       |       |       |       |       |    19 ||    19
       Apportation       |       |       |       |       |       |       |     7 ||     7
Invok: Bend Time         |       |       |       |     1 |     4 |       |     1 ||     6
       Slouch            |       |       |       |     5 |     2 |     4 |     5 ||    16
       Step From Time    |       |       |       |       |       |       |     1 ||     1
Evoke: Wand              |       |       |     2 |     4 |    15 |     8 |    24 ||    53
  Use: Scroll            |     3 |     6 |     6 |    10 |    18 |    20 |    10 ||    73
       Potion            |       |       |     5 |     8 |     3 |    10 |    10 ||    36
 Stab: Sleeping          |       |       |     2 |     5 |    19 |    23 |     5 ||    54
       Distracted        |       |       |       |     2 |     4 |     2 |     2 ||    10
       Paralysed         |       |       |       |       |     5 |       |       ||     5
       Invisible         |       |       |       |       |     2 |     1 |     5 ||     8
       Petrified         |       |       |       |       |     2 |       |       ||     2
       Confused          |       |       |       |       |     7 |     2 |       ||     9
  Eat: Chunk             |     1 |     9 |     4 |     6 |     8 |       |       ||    28
       Ration            |       |       |     3 |     3 |     4 |     7 |     5 ||    22
Armor: Scale mail        |    19 |    18 |       |    66 |   199 |   194 |       ||   496
       Ring mail         |       |    41 |   194 |    68 |       |       |       ||   303
       Plate armour      |       |       |       |    31 |       |       |       ||    31
       Fire dragon scale |       |       |       |       |       |    48 |    98 ||   146
Dodge: Dodged            |    16 |    56 |   268 |   343 |   714 |   759 |   364 ||  2520
Block: Shield            |    38 |    89 |   328 |   576 |   949 |  1156 |   654 ||  3790
       Reflection        |       |       |       |       |       |    51 |    94 ||   145
       Rpst.: Double sword |       |       |       |       |    82 |    88 |    13 ||   183
       Long sword        |       |       |       |       |       |    51 |    53 ||   104

Table legend:
 A = Non-vault XP
 B = Vault XP
 C = Vault XP percentage of total XP
 D = Non-vault monster count
 E = Vault monster count
 F = Vault count percentage of total count
                 A         B        C        D         E       F
            +---------+---------+-------+---------+---------+-------
      Total |  268792 |  197957 |  42.4 |     847 |     409 |  32.6
            +---------+---------+-------+---------+---------+-------
        D:1 |       9 |       0 |   0.0 |       7 |       0 |   0.0
        D:2 |      71 |       2 |   2.7 |      18 |       2 |  10.0
        D:3 |      20 |       0 |   0.0 |      12 |       0 |   0.0
        D:4 |     166 |      98 |  37.1 |       7 |       3 |  30.0
        D:5 |     613 |       0 |   0.0 |      32 |       0 |   0.0
        D:6 |     775 |       0 |   0.0 |      28 |       0 |   0.0
        D:7 |    1048 |      55 |   5.0 |      29 |      11 |  27.5
        D:8 |    1766 |      12 |   0.7 |      23 |       6 |  20.7
        D:9 |    1537 |    2926 |  65.6 |      29 |      10 |  25.6
       D:10 |    1242 |    1619 |  56.6 |      15 |       7 |  31.8
       D:11 |    2771 |     622 |  18.3 |      13 |      22 |  62.9
       D:12 |    3561 |    2260 |  38.8 |      20 |       2 |   9.1
       D:13 |    7925 |    6815 |  46.2 |      40 |      10 |  20.0
       D:14 |   10421 |    7288 |  41.2 |      49 |      25 |  33.8
       D:15 |    4002 |    2059 |  34.0 |      20 |       2 |   9.1
     Lair:1 |    2846 |     407 |  12.5 |      12 |       5 |  29.4
     Lair:2 |    3572 |       0 |   0.0 |      12 |       0 |   0.0
     Lair:3 |    4128 |    1094 |  20.9 |      17 |       2 |  10.5
     Lair:4 |    5968 |    2517 |  29.7 |      19 |       4 |  17.4
     Lair:5 |    4913 |    4987 |  50.4 |      15 |      11 |  42.3
     Lair:6 |    5907 |   12951 |  68.7 |      16 |      23 |  59.0
    Swamp:1 |    8930 |       0 |   0.0 |      26 |       0 |   0.0
    Swamp:2 |    9901 |    2878 |  22.5 |      29 |       2 |   6.5
    Swamp:3 |   14354 |       0 |   0.0 |      44 |       0 |   0.0
    Swamp:4 |    5871 |   19790 |  77.1 |      23 |      28 |  54.9
    Snake:1 |    8510 |    3813 |  30.9 |      16 |       6 |  27.3
    Snake:2 |   22515 |    3873 |  14.7 |      35 |       3 |   7.9
    Snake:3 |   19273 |    1008 |   5.0 |      33 |       2 |   5.7
    Snake:4 |   30166 |   72657 |  70.7 |      50 |     101 |  66.9
      Orc:1 |    2040 |    2325 |  53.3 |      27 |      10 |  27.0
      Orc:2 |    3172 |    4675 |  59.6 |      30 |      36 |  54.5
   Depths:1 |   65935 |    5077 |   7.1 |      86 |       9 |   9.5
   Depths:2 |   14864 |   19485 |  56.7 |      15 |      11 |  42.3
      IceCv |       0 |   12153 | 100.0 |       0 |      43 | 100.0
   Gauntlet |       0 |    4511 | 100.0 |       0 |      13 | 100.0
            +---------+---------+-------+---------+---------+-------
